 Dungeon Crawl Stone Soup version 0.28-a0-664-gc179e30c89 (webtiles) character file.

Game seed: 10357999011181781265

2 karkarkar the Sneak (level 1, 19/19 HPs)
             Began as a Minotaur Delver on Oct 15, 2021.
             Quit the game on level 5 of the Dungeon.
             The game lasted 00:00:39 (159 turns).

karkarkar the Sneak (Minotaur Delver)                Turns: 159, Time: 00:00:39

Health: 19/19      AC:  3    Str: 16    XL:     1   Next: 25%
Magic:  0/0        EV: 11    Int:  7    God:
Gold:   10         SH:  0    Dex: 11    Spells: 0/0 levels left

rFire   . . .      SeeInvis .   a - +0 hand axe
rCold   . . .      Faith    .   (no shield)
rNeg    . . .      Spirit   .   b - +0 leather armour
rPois   .          Reflect  .   (helmet restricted)
rElec   .          Harm     .   (no cloak)
rCorr   .          Rampage  .   (no gloves)
Will    .....                   (no boots)
Stlth   ++........              (no amulet)
HPRegen 0.06/turn               (no ring)
MPRegen 0.07/turn               (no ring)

@: no status effects
A: horns 2, retaliatory headbutt
a: no special abilities


You were on level 5 of the Dungeon.
You visited 1 branch of the dungeon, and saw 1 of its levels.

You collected 10 gold pieces.

Inventory:

Hand Weapons
 a - a +0 hand axe (weapon)
Armour
 b - a +0 leather armour (worn)
Wands
 g - a wand of digging (3)
Scrolls
 c - a scroll of fog
 d - a scroll of magic mapping
 e - a scroll of fear
Potions
 f - a potion of haste


   Skills:
 + Level 3.6 Fighting
 + Level 2.4 Axes
 + Level 2.1 Dodging
 + Level 4.2 Stealth


You couldn't memorise any spells.
You didn't know any spells.
Your spell library was empty.

Dungeon Overview and Level Annotations

Branches:
Dungeon (5/15)
 Temple: D:4-7

Altars:

Portals:
Ossuary: D:5


Innate Abilities, Weirdness & Mutations

You have a pair of horns on your head.
You reflexively headbutt those who attack you in melee.


Message History

You hear the hiss of flowing sand.
There is an entrance to an ossuary on this level.
Hurry and find it before the portal is buried!
Welcome, karkarkar the Minotaur Delver.
It is said that the Orb of Zot exists deep within this dungeon.
Press ? for a list of commands and other information.
Found a stone staircase leading down.
You now have 10 gold pieces.
An orc comes into view. It is wielding a +0 trident.
The helpless orc fails to defend itself.
You hit the orc but do no damage. The orc completely misses you.
You barely miss the orc. The orc hits you with a +0 trident.
You hit the orc.
The orc is severely wounded.
The orc hits you but does no damage.
You hit the orc.
You kill the orc!
A phantom comes into view.
Things that are here:
a +0 trident; a +0 leather armour A phantom is nearby!
You start resting.
You hear the slow hiss of an avalanche of sand very nearby.
HP restored.
You hear the slow hiss of an avalanche of sand very nearby.
A phantom is nearby!
You open the door.
Found a sand-covered staircase.
There is an open door here.
There is a sand-covered staircase here.
You open the door.
There is an open door here.
Found 16 arrows.
You hear the slow hiss of an avalanche of sand very nearby.
A hound comes into view.
Okay, then.
Are you sure you want to abandon this character and quit the game? (Confirm with "yes".)

.. .# #.#. ... ... ....
#.# #.#.#.#. #.#
........##.#
.#.#.#.#.#.#
h........#.#
#.#.#.#.#..###
.......@.....#
.#.#.#.#.#.#.#
..........##.#
#.#.#.#.#.##.# ######
..........##.## ##....#
.#.#(#.#..##..####.....#
.....#.##...........#
#.#.#.#.###.#####....#
#.#...#...##


There were no monsters in sight!

Vanquished Creatures
  An orc (D:5)
1 creature vanquished.

Notes
Turn   | Place    | Note
-------+----------+-------------------------------------------
     0 | D:5      | karkarkar the Minotaur Delver began the quest for the Orb.
     0 | D:5      | Reached XP level 1. HP: 19/19 MP: 0/0
    30 | D:5      | Noticed a phantom
   124 | D:5      | Found a sand-covered staircase.
   155 | D:5      | Noticed a hound
   159 | D:5      | Quit the game

Illustrated notes

Levels and vault maps discovered:
D:5:      layout_loops_cross, lemuel_zombie_altar_yredelemnul, enter_ossuary_2,
          hex_large, kennysheep_generic_room_2

Action                   || total
-------------------------++-------
Melee: Hand axe          ||     4
 Stab: Sleeping          ||     1
Armor: Leather armour    ||     1
Dodge: Dodged            ||     1

Table legend: (Time is in decaauts)
 A = Elapsed time spent in this place.
 B = Non-inter-level travel time spent in this place.
 C = Inter-level travel time spent in this place.
 D = Time resting spent in this place.
 E = Time spent auto-exploring this place.
 F = Levels seen in this place.
 G = Mean time per level.
                   A        B        C        D        E       F      G
               +--------+--------+--------+--------+--------+-----+--------+
         Total |    159 |    159 |      0 |     12 |     76 |   1 |  159.0 |
       Dungeon |    159 |    159 |      0 |     12 |     76 |   1 |  159.0 |
               +--------+--------+--------+--------+--------+-----+--------+

Top non-repeatable levels by time:
     D:5: 159 daAuts
